SL
DETROIT RENAISSANCE @ CAPITAL DISTRICT RED KNIGHTS
04/25/2022
 
TOP OF THE 1ST
Detroit Renaissance batting - Pitching for Capital District Red Knights : RHP Armando Martínez
Pitching: RHP Armando Martínez
Batting: RHB Kyle Bywaters 0-0: Bunted foul
0-1: Ball
1-1: Swinging Strike
1-2: Ground out 1-3 (Groundball, 23)
Batting: RHB Ulbert Sutkamp 0-0: Called Strike
0-1: Ground out 5-3 (Groundball, 5L)
Batting: LHB Juan González 0-0: Swinging Strike
0-1: Fly out, F9 (Flyball, 9D)
Top of the 1st over - 0 run(s), 0 hit(s), 0 error(s), 0 left on base; Detroit 0 - Capital District 0
BOTTOM OF THE 1ST
Capital District Red Knights batting - Pitching for Detroit Renaissance : RHP Martín Flores
Pitching: RHP Martín Flores
Batting: RHB Louis Henderson 0-0: Foul Ball, location: 2F
0-1: Ball
1-1: Ball
2-1: Ball
3-1: Foul Ball, location: 2F
3-2: Ground out 6-3 (Groundball, 6)
Batting: RHB Tom Christensen 0-0: Ball
1-0: Ball
2-0: Ball
3-0: Called Strike
3-1: Base on Balls
Batting: LHB Leonardo López 0-0: Ball
1-0: Ball
2-0: Ball
3-0: Base on Balls
Tom Christensen to second
Batting: RHB Chang-bum Pak 0-0: Ball
1-0: Ball
2-0: Ball
3-0: Base on Balls
Tom Christensen to third
Leonardo López to second
Batting: RHB Lane Rich 0-0: Ground out 6-3 (Groundball, 4M)
Tom Christensen scores
Leonardo López to third
Chang-bum Pak to second
Batting: RHB Gonzalo Núñez 0-0: Ball
1-0: Ball
2-0: Called Strike
2-1: Foul Ball, location: 2F
2-2: Foul Ball, location: 2F
2-2: Fly out, F4 (Popup, 4M)
Bottom of the 1st over - 1 run(s), 0 hit(s), 0 error(s), 2 left on base; Detroit 0 - Capital District 1
TOP OF THE 2ND
Detroit Renaissance batting - Pitching for Capital District Red Knights : RHP Armando Martínez
Batting: RHB Jeffery Campbell 0-0: Foul Ball, location: 2F
0-1: Ball
1-1: Swinging Strike
1-2: SOLO HOME RUN (Flyball, 8LXD), Distance : 444 ft
Batting: LHB Mario Cruz 0-0: Ball
1-0: Called Strike
1-1: Fly out, F2 (Popup, 2LF)
Batting: LHB Gustavo Cortéz 0-0: Ball
1-0: Ball
2-0: Ground out 3-1 (Groundball, 34S)
Batting: RHB Eric D'Angle 0-0: Swinging Strike
0-1: Called Strike
0-2: Ball
1-2: Foul Ball, location: 2F
1-2: SINGLE (Line Drive, 89S)
Batting: RHB John Farrell 0-0: Ball
1-0: Foul Ball, location: 2F
1-1: Ball
2-1: Ball
Eric D'Angle is caught stealing 2nd base
Top of the 2nd over - 1 run(s), 2 hit(s), 0 error(s), 0 left on base; Detroit 1 - Capital District 1
BOTTOM OF THE 2ND
Capital District Red Knights batting - Pitching for Detroit Renaissance : RHP Martín Flores
Batting: SHB Joreão Canosa 0-0: Called Strike
0-1: Ground out 4-3 (Groundball, 4)
Batting: LHB Theodore Shaw 0-0: Ball
1-0: Foul Ball, location: 2F
1-1: Ball
2-1: Foul Ball, location: 2F
2-2: SINGLE (Line Drive, 5D)
Batting: RHB Barry Dempsey 0-0: Ball
1-0: Ball
2-0: Called Strike
2-1: Ball
3-1: SINGLE (Groundball, 4)
Theodore Shaw to second
Runner from 2nd tries for 3rd, SAFE, throw made to third
Batting: RHB Louis Henderson 0-0: Foul Ball, location: 2F
0-1: Called Strike
0-2: Strikes out swinging
Pitching: RHP Esteban García
Batting: RHB Tom Christensen 0-0: Ball
1-0: Ground out 1-3 (Groundball, 15S)
Bottom of the 2nd over - 0 run(s), 2 hit(s), 0 error(s), 2 left on base; Detroit 1 - Capital District 1
TOP OF THE 3RD
Detroit Renaissance batting - Pitching for Capital District Red Knights : RHP Armando Martínez
Batting: RHB John Farrell 0-0: Foul Ball, location: 2F
0-1: Fly out, F8 (Flyball, 8LD)
Batting: RHB Lorenzo Sabastro 0-0: Called Strike
0-1: Ball
1-1: Foul Ball, location: 2F
1-2: Ball
2-2: Strikes out swinging
Batting: RHB Kyle Bywaters 0-0: Ball
1-0: Bunted foul
1-1: Ball
2-1: Ground out 1-3 (Groundball, 15)
Top of the 3rd over - 0 run(s), 0 hit(s), 0 error(s), 0 left on base; Detroit 1 - Capital District 1
BOTTOM OF THE 3RD
Capital District Red Knights batting - Pitching for Detroit Renaissance : RHP Esteban García
Batting: LHB Leonardo López 0-0: Ball
1-0: Swinging Strike
1-1: Called Strike
1-2: Ground out 6-3 (Groundball, 6)
Batting: RHB Chang-bum Pak 0-0: Foul Ball, location: 2F
0-1: Ball
1-1: Swinging Strike
1-2: DOUBLE (Flyball, 89M)
Batting: RHB Lane Rich 0-0: Ball
Chang-bum Pak steals 3rd base
1-0: Ball
2-0: Ball
3-0: Base on Balls
Batting: RHB Gonzalo Núñez 0-0: Called Strike
0-1: Called Strike
0-2: Strikes out swinging
Batting: SHB Joreão Canosa 0-0: Called Strike
0-1: Fly out, F6 (Line Drive, 6D)
Bottom of the 3rd over - 0 run(s), 1 hit(s), 0 error(s), 2 left on base; Detroit 1 - Capital District 1
TOP OF THE 4TH
Detroit Renaissance batting - Pitching for Capital District Red Knights : RHP Armando Martínez
Batting: RHB Ulbert Sutkamp 0-0: Ball
1-0: Called Strike
1-1: Fly out, F9 (Line Drive, 9S)
Batting: LHB Juan González 0-0: Ball
1-0: Called Strike
1-1: Called Strike
1-2: Foul Ball, location: 2F
1-2: Ball
2-2: Strikes out looking
Batting: RHB Jeffery Campbell 0-0: DOUBLE (Line Drive, 9LS)
Batting: LHB Mario Cruz 0-0: Ball
1-0: Fly out, F9 (Popup, 4D)
Top of the 4th over - 0 run(s), 1 hit(s), 0 error(s), 1 left on base; Detroit 1 - Capital District 1
BOTTOM OF THE 4TH
Capital District Red Knights batting - Pitching for Detroit Renaissance : RHP Esteban García
Batting: LHB Theodore Shaw 0-0: Called Strike
0-1: Ball
1-1: Ball
2-1: Ball
3-1: Foul Ball, location: 2F
3-2: Foul Ball, location: 2F
3-2: Strikes out swinging
Batting: RHB Barry Dempsey 0-0: Ball
1-0: Ball
2-0: Ball
3-0: Base on Balls
Batting: RHB Louis Henderson 0-0: Foul Ball, location: 2F
0-1: SINGLE (Groundball, 34D)
Barry Dempsey to second
Runner from 2nd tries for 3rd, SAFE, throw made to third
Pinch Runner at 3rd Stan Lewis:
Batting: RHB Tom Christensen 0-0: Ball
1-0: Called Strike
Louis Henderson is caught stealing 2nd base
1-1: Ball
2-1: Ball
3-1: Ground out 6-3 (Groundball, 6)
Bottom of the 4th over - 0 run(s), 1 hit(s), 0 error(s), 1 left on base; Detroit 1 - Capital District 1
TOP OF THE 5TH
Detroit Renaissance batting - Pitching for Capital District Red Knights : RHP Armando Martínez
Pitching: LHP Katai Ichikawa
Now at C: Stan Lewis
Batting: LHB Gustavo Cortéz 0-0: Ball
1-0: Foul Ball, location: 2F
1-1: Ball
2-1: Foul Ball, location: 2F
2-2: Foul Ball, location: 2F
2-2: Foul Ball, location: 2F
2-2: Foul Ball, location: 2F
2-2: Foul Ball, location: 2F
2-2: Fly out, F8 (Flyball, 8RD)
Pitching: RHP Richard Brown
Batting: RHB Eric D'Angle 0-0: Ball
1-0: Ball
2-0: Ball
3-0: Base on Balls
Batting: RHB John Farrell 0-0: Called Strike
0-1: Ball
1-1: Called Strike
1-2: Strikes out swinging
Eric D'Angle is caught stealing 2nd base
Batter strikes out.
Top of the 5th over - 0 run(s), 0 hit(s), 0 error(s), 0 left on base; Detroit 1 - Capital District 1
BOTTOM OF THE 5TH
Capital District Red Knights batting - Pitching for Detroit Renaissance : RHP Esteban García
Batting: LHB Leonardo López 0-0: Ball
1-0: Foul Ball, location: 2F
1-1: SINGLE (Line Drive, 9LS)
Batting: RHB Chang-bum Pak 0-0: Ball
1-0: Ball
2-0: Foul Ball, location: 2F
2-1: Ball
3-1: Called Strike
3-2: Foul Ball, location: 2F
3-2: Base on Balls
Leonardo López to second
Batting: RHB Lane Rich 0-0: Fly out, F4 (Popup, 4D)
Batting: RHB Gonzalo Núñez 0-0: Ball
1-0: SINGLE (Line Drive, 89S)
Leonardo López to third
Chang-bum Pak to second
Throwing error, E9
Leonardo López scores
Chang-bum Pak to third
Gonzalo Núñez to second
Batting: SHB Joreão Canosa 0-0: Called Strike
0-1: Foul Ball, location: 2F
0-2: Foul Ball, location: 2F
0-2: Ball
1-2: Ground out 4-3 (Groundball, 4)
Chang-bum Pak scores
Gonzalo Núñez to third
Pitching: RHP Robert Dickinson
Batting: LHB Theodore Shaw 0-0: Swinging Strike
0-1: Foul Ball, location: 2F
0-2: Strikes out looking
Bottom of the 5th over - 2 run(s), 2 hit(s), 1 error(s), 1 left on base; Detroit 1 - Capital District 3
TOP OF THE 6TH
Detroit Renaissance batting - Pitching for Capital District Red Knights : RHP Richard Brown
Pitching: RHP Gary Jones
Batting: RHB Lorenzo Sabastro 0-0: Ball
1-0: Foul Ball, location: 2F
1-1: Ground out 5-3 (Groundball, 5S)
Batting: RHB Kyle Bywaters 0-0: Ball
1-0: Foul Ball, location: 2F
1-1: Called Strike
1-2: Ball
2-2: Foul Ball, location: 2F
2-2: Ball
3-2: Foul Ball, location: 2F
3-2: Fly out, F8 (Flyball, 8LM)
Batting: RHB Ulbert Sutkamp 0-0: Called Strike
0-1: Swinging Strike
0-2: Ball
1-2: Ball
2-2: Foul Ball, location: 2F
2-2: Foul Ball, location: 2F
2-2: Foul Ball, location: 2F
2-2: Ball
3-2: Base on Balls
Batting: LHB Juan González 0-0: Ball
1-0: Foul Ball, location: 2F
1-1: Ball
2-1: Ball
Ulbert Sutkamp steals 2nd base
3-1: Swinging Strike
3-2: Base on Balls
Batting: RHB Jeffery Campbell 0-0: Fly out, F6 (Popup, 6M)
Top of the 6th over - 0 run(s), 0 hit(s), 0 error(s), 2 left on base; Detroit 1 - Capital District 3
BOTTOM OF THE 6TH
Capital District Red Knights batting - Pitching for Detroit Renaissance : RHP Robert Dickinson
Batting: LHB Stan Lewis 0-0: Called Strike
0-1: Swinging Strike
0-2: Ball
1-2: Strikes out swinging
Pinch Hitting: RHB Dong-joon Ch'oe 0-0: Ball
1-0: Foul Ball, location: 2F
1-1: Ball
2-1: Ball
3-1: Fly out, F3 (Popup, 3)
Pinch Hitting: RHB Shawn Hicks 0-0: Ball
1-0: Ball
2-0: Ball
3-0: Ground out 5-3 (Groundball, 5L)
Bottom of the 6th over - 0 run(s), 0 hit(s), 0 error(s), 0 left on base; Detroit 1 - Capital District 3
TOP OF THE 7TH
Detroit Renaissance batting - Pitching for Capital District Red Knights : RHP Gary Jones
Now at 3B: Shawn Hicks
Now in RF: Dong-joon Ch'oe
Batting: LHB Mario Cruz 0-0: Fly out, F4 (Popup, 34)
Batting: LHB Gustavo Cortéz 0-0: Foul Ball, location: 2F
0-1: Swinging Strike
0-2: Ball
1-2: Ball
2-2: Fly out, F8 (Flyball, 8LM)
Batting: RHB Eric D'Angle 0-0: Ball
1-0: Ball
2-0: Foul Ball, location: 2F
2-1: Foul Ball, location: 2F
2-2: Strikes out looking
Top of the 7th over - 0 run(s), 0 hit(s), 0 error(s), 0 left on base; Detroit 1 - Capital District 3
BOTTOM OF THE 7TH
Capital District Red Knights batting - Pitching for Detroit Renaissance : RHP Robert Dickinson
Batting: RHB Manny Carbajal 0-0: Called Strike
0-1: Foul Ball, location: 2F
0-2: Ball
1-2: Foul Ball, location: 2F
1-2: Foul Ball, location: 2F
1-2: Ground out 4-3 (Groundball, 4M)
Pinch Hitting: RHB Martin Young 0-0: Ball
1-0: Ball
2-0: SINGLE (Line Drive, 78S)
Pinch Hitting: RHB Daniel Lallanilla 0-0: Called Strike
0-1: Foul Ball, location: 2F
0-2: Ball
1-2: Ball
2-2: Foul Ball, location: 2F
2-2: Ball
Martin Young steals 2nd base
3-2: Foul Ball, location: 2F
3-2: SINGLE (Groundball, 56D)
Martin Young to third
Runner from 3rd tries for Home, SAFE, no throw or cutoff
Pinch Hitting: RHB Ricardo Romo 0-0: Grounds into double play, 1-4-3 (Groundball, 13)
Bottom of the 7th over - 1 run(s), 2 hit(s), 0 error(s), 0 left on base; Detroit 1 - Capital District 4
TOP OF THE 8TH
Detroit Renaissance batting - Pitching for Capital District Red Knights : RHP Gary Jones
Pitching: RHP Jack Carr
Now at 2B: Martin Young
Now in LF: Daniel Lallanilla
Now in CF: Ricardo Romo
Batting: RHB John Farrell 0-0: Ground out 6-3 (Groundball, 6)
Batting: RHB Lorenzo Sabastro 0-0: Ball
1-0: Called Strike
1-1: Ball
2-1: Fly out, F9 (Flyball, 9M)
Pinch Hitting: LHB Mike Silver 0-0: Ball
1-0: Ball
2-0: Ball
3-0: Base on Balls
Pinch Hitting: RHB Harry Fuller 0-0: Ball
1-0: Fly out, F6 (Line Drive, 6)
Top of the 8th over - 0 run(s), 0 hit(s), 0 error(s), 1 left on base; Detroit 1 - Capital District 4
BOTTOM OF THE 8TH
Capital District Red Knights batting - Pitching for Detroit Renaissance : RHP Robert Dickinson
Now at 2B: Harry Fuller
Now at SS: Nathan Horton
Batting: SHB Joreão Canosa 0-0: Called Strike
0-1: Ground out U3 (Groundball, 3L)
Batting: LHB Theodore Shaw 0-0: Called Strike
0-1: Ball
1-1: Ground out 4-3 (Groundball, 4)
Batting: LHB Stan Lewis 0-0: Ball
1-0: Fly out, F3 (Popup, 3F)
Bottom of the 8th over - 0 run(s), 0 hit(s), 0 error(s), 0 left on base; Detroit 1 - Capital District 4
TOP OF THE 9TH
Detroit Renaissance batting - Pitching for Capital District Red Knights : RHP Jack Carr
Pitching: RHP Myron Snow
Pinch Hitting: RHB Bernardo Herrera 0-0: Called Strike
0-1: Foul Ball, location: 2F
0-2: SINGLE (Flyball, 4D)
Batting: LHB David Hunt 0-0: Called Strike
0-1: Ball
1-1: Ball
2-1: Foul Ball, location: 2F
2-2: Foul Ball, location: 2F
2-2: Ground out 4-3 (Groundball, 13)
Bernardo Herrera to second
Pinch Hitting: RHB Ben Ross 0-0: Called Strike
0-1: Ball
1-1: Called Strike
1-2: Foul Ball, location: 2F
1-2: Strikes out swinging
Pinch Hitting: RHB Leandro Tuzzi 0-0: Ball
1-0: Fly out, F3 (Popup, 34)
Top of the 9th over - 0 run(s), 1 hit(s), 0 error(s), 1 left on base; Detroit 1 - Capital District 4
This league is powered by Out of the Park Baseball, the baseball management simulation game for PC, Mac and Linux
Friday, April 15th, 2016 - OOTP Baseball 16.9 Build 39